 Dungeon Crawl Stone Soup version 0.28-a0-8-g6e044cfa68 (webtiles) character file.

Game seed: 14837425237351542320

122 Sin92 the Skirmisher (level 4, -3/31 HPs)
             Began as a Demonspawn Fighter on July 24, 2021.
             Killed from afar by Blork the orc (4 damage)
             ... with a magic dart
             ... on level 4 of the Dungeon.
             The game lasted 00:01:49 (2054 turns).

Sin92 the Skirmisher (Demonspawn Fighter)           Turns: 2054, Time: 00:01:49

Health: -3/31      AC:  6    Str: 12 (14) XL:     4   Next: 78%
Magic:  4/4        EV:  6    Int:  7      God:
Gold:   81         SH: 10    Dex: 12 (14) Spells: 3/3 levels left

rFire   . . .      SeeInvis .   a - +0 long sword
rCold   . . .      Faith    .   c - +2 kite shield
rNeg    . . .      Spirit   .   b - +0 scale mail
rPois   .          Reflect  .   (helmet restricted)
rElec   .          Harm     .   (no cloak)
rCorr   .          Rampage  .   (no gloves)
Will    .....                   (no boots)
Stlth   ..........              (no amulet)
HPRegen 0.10/turn               (no ring)
MPRegen 0.09/turn               (no ring)

@: mighty, very slightly contaminated, invisible
A: horns 2, dopey 1, frail 1, weak 1
a: no special abilities


You were on level 4 of the Dungeon.
You visited 1 branch of the dungeon, and saw 4 of its levels.

You collected 81 gold pieces.

Inventory:

Hand Weapons
 a - a +0 long sword (weapon)
Armour
 b - a +0 scale mail (worn)
 c - a +2 kite shield (worn)
Scrolls
 f - 2 scrolls of magic mapping
 i - a scroll of identify
Potions
 h - a potion of curing
 j - a potion of degeneration


   Skills:
 + Level 3.5 Fighting
 * Level 3.0 Long Blades
 + Level 3.1 Armour
 + Level 1.4 Dodging
 + Level 3.2 Shields


You had 3 spell levels left.
You didn't know any spells.
Your spell library contained the following spells:

 Spells                   Type           Power      Damage    Failure   Level
 Mephitic Cloud           Conj/Pois/Air  0%         N/A       100%        3
 Olgreb's Toxic Radiance  Pois           0%         N/A       100%        4
 Alistair's Intoxication  Tmut/Pois      0%         N/A       100%        5


Dungeon Overview and Level Annotations

Branches:
Dungeon (4/15)
 Temple: D:4-7

Altars:
Ashenzari

Annotations:
D:4 Blork the orc


Innate Abilities, Weirdness & Mutations

You have a pair of horns on your head.
You are dopey. (Int -2)
You are frail. (-10% HP)
You are weak. (Str -2)


Message History

You block the water moccasin skeleton's attack.
You feel better.
You block the water moccasin skeleton's attack.
You hit the water moccasin skeleton.
Flame seeps out of the water moccasin skeleton. x2
You headbutt the water moccasin skeleton.
The water moccasin skeleton is moderately damaged.
The water moccasin skeleton is engulfed in blazing flames.
Flame seeps out of the water moccasin skeleton.
The water moccasin skeleton bites you but does no damage.
The water moccasin skeleton is engulfed in blazing flames.
Flame seeps out of the water moccasin skeleton.
The water moccasin skeleton bites you but does no damage.
The water moccasin skeleton is engulfed in blazing flames.
The water moccasin skeleton explodes!
You hear a shout!
You feel your intelligence returning.
You feel your dexterity returning.
Your Long Blades skill increases to level 3!
Unknown command.
Blork the orc comes into view.
He is wielding a +0 halberd.
Blork the orc looks satisfied for a moment.
You feel very mighty all of a sudden.
Blork the orc gestures at you while chanting.
The puff of frost hits you!
It was a potion of mutation.
You feel extremely strange.
You feel weaker.
You feel stupid.
You feel frail.
It was a potion of invisibility.
You fade into invisibility!
You are very lightly contaminated with residual magic.
Blork the orc casts a spell at you. The puff of flame hits you!
* * * LOW HITPOINT WARNING * * *
Blork the orc casts a spell at you. The magic dart hits you!
* * * LOW HITPOINT WARNING * * *
Found a dagger.
Unknown command.
Blork the orc points at something and mumbles some strange words.
The magic dart hits you.
You die...

#.#.. #.# #.#(# #.#
#.#.. ##.## #.... #...#
#.... #...# ##.#.
#...###### #.#.
#####........# #.##
#.@.o....# #.###...
#...........# #.......
.)..##........###.####.#
.#. #####........# #.#
#.(.###### #.# #.☼°# #.#
#.§.# #.. ##.## #.. #.
#..


You could see Blork the orc.

Vanquished Creatures
  A water moccasin skeleton (D:4)
  A jelly (D:4)
  2 dart slugs (D:2)
  4 ball pythons
  5 bats
  4 endoplasms
  A giant cockroach (D:3)
  4 goblins
  6 hobgoblins
  A quokka (D:3)
  A frilled lizard (D:3)
  4 kobolds
34 creatures vanquished.

Notes
Turn   | Place    | Note
-------+----------+-------------------------------------------
     0 | D:1      | Sin92 the Demonspawn Fighter began the quest for the Orb.
     0 | D:1      | Reached XP level 1. HP: 18/18 MP: 1/1
    31 | D:1      | You fall into a shaft and drop 1 floor!
    94 | D:2      | Found a faded altar of an unknown god.
   170 | D:2      | Gained mutation: You have a pair of small horns on your
                  | head. [demonic ancestry]
   170 | D:2      | Reached XP level 2. HP: 21/24 MP: 2/2
   897 | D:2      | Got Zyex's Compendium of Envenoming
  1261 | D:3      | Reached XP level 3. HP: 29/29 MP: 3/3
  1976 | D:4      | Found a broken altar of Ashenzari.
  2012 | D:4      | Reached skill level 1 in Dodging
  2012 | D:4      | Gained mutation: You have a pair of horns on your head.
                  | [demonic ancestry]
  2012 | D:4      | Reached XP level 4. HP: 6/35 MP: 4/4
  2044 | D:4      | Noticed Blork the orc
  2048 | D:4      | Gained mutation: You are weak. (Str -2) [potion of
                  | mutation]
  2048 | D:4      | Gained mutation: You are dopey. (Int -2) [potion of
                  | mutation]
  2048 | D:4      | Gained mutation: You are frail. (-10% HP) [potion of
                  | mutation]
  2052 | D:4      | HP: 1/31 [Blork the orc/magic dart (7)]
  2054 | D:4      | Killed from afar by Blork the orc

Illustrated notes

Levels and vault maps discovered:
D:1:      saegor_arrival_miasma, layout_loops_ring, serial_shops,
          shop_fountains, minmay_misc_feat_plants, kennysheep_small_spiral
D:2:      layout_loops_corners, chequers_ecumenical_altar_simple,
          grunt_ministairs_1, chequers_serial_rivers_micro_e,
          chequers_hall_statues_corner_a
D:3:      layout_basic, lightli_corner_chamber
D:4:      layout_loops_cross, nicolae_ashenzari_skybound,
          mainiacjoe_overflow_tiny_flanked, gammafunk_ghost_grave, uniq_duvessa,
          uniq_blork_the_orc, uniq_pikel

Skill      XL: |  1  2  3  4 |
---------------+-------------+-----
Long Blades    | 2 3 |  3.0
Shields        | 3 |  3.2
Armour         | 3 |  3.1
Dodging        | 1 |  1.4
Fighting       | |  3.5

Action                   |  1- 3 |  4- 6 || total
-------------------------+-------+-------++-------
Melee: Long sword        |    70 |     1 ||    71
       Headbutt          |    11 |     1 ||    12
  Use: Scroll            |     4 |     2 ||     6
       Potion            |       |     6 ||     6
Armor: Scale mail        |    34 |     3 ||    37
Dodge: Dodged            |    15 |       ||    15
Block: Kite shield       |    29 |     2 ||    31
       Rpst.: Long sword |     3 |       ||     3

Table legend: (Time is in decaauts)
 A = Elapsed time spent in this place.
 B = Non-inter-level travel time spent in this place.
 C = Inter-level travel time spent in this place.
 D = Time resting spent in this place.
 E = Time spent auto-exploring this place.
 F = Levels seen in this place.
 G = Mean time per level.
                   A        B        C        D        E       F      G
               +--------+--------+--------+--------+--------+-----+--------+
         Total |   2090 |   2042 |     48 |     10 |   1790 |   4 |  522.5 |
       Dungeon |   2090 |   2042 |     48 |     10 |   1790 |   4 |  522.5 |
               +--------+--------+--------+--------+--------+-----+--------+

Top non-repeatable levels by time:
     D:2: 1061 daAuts
     D:3: 848 daAuts
     D:4: 150 daAuts
     D:1: 31 daAuts
